 Dungeon Crawl Stone Soup version 0.24-a0-57-gac335f2 (webtiles) character file.

Game seed: 11242543660197822962

2583 galech the Chopper (level 9, 0/68 HPs)
             Began as a Demonspawn Fighter on Feb 4, 2019.
             Was a Follower of Okawaru.
             Slain by an orc warrior
             ... wielding a +0 spear
              (14 damage)
             ... in a bailey.
             The game lasted 00:08:00 (6425 turns).

galech the Chopper (Demonspawn Fighter)             Turns: 6425, Time: 00:08:01

Health: 0/68       AC: 10    Str: 22    XL:     9   Next: 32%
Magic:  8/9        EV: 11    Int: 10    God:    Okawaru [*.....]
Gold:   423        SH:  6    Dex: 15    Spells: 8/8 levels left

rFire    + . .     SeeInvis .   a - +1 war axe
rCold    x . .     Gourm    .   y - +1 buckler {reflect}
rNeg     . . .     Faith    .   b - +0 scale mail
rPois    .         Spirit   .   p - +0 helmet
rElec    .         Reflect  +   i - +0 cloak
rCorr    .         Harm     .   (no gloves)
MR       .....                  (no boots)
Stlth    ..........             (no amulet)
HPRegen  0.21/turn              C - ring of fire
MPRegen  0.11/turn              (no ring)

@: mighty
A: hooves 1, spiny 1
a: Heroism, Renounce Religion


You were in a bailey.
You worshipped Okawaru.
Okawaru was aware of your devotion.
You were not hungry.

You visited 2 branches of the dungeon, and saw 8 of its levels.
You also visited: Bailey.

You collected 423 gold pieces.

Inventory:

Hand Weapons
 a - a +1 war axe (weapon)
 o - a +0 spear of flaming
Armour
 b - a +0 scale mail (worn)
 c - a +0 shield
 i - a +0 cloak (worn)
 p - a +0 helmet (worn)
 y - a +1 buckler of reflection (worn)
Jewellery
 C - a ring of fire (left hand)
Wands
 r - a wand of flame (11)
 t - a wand of polymorph (5)
 z - a wand of scattershot (5)
Scrolls
 e - a scroll of magic mapping
 g - 3 scrolls of enchant armour
 j - 2 scrolls of remove curse
 n - a scroll of teleportation {unknown}
 q - 2 scrolls of enchant weapon
 v - a scroll of amnesia {unknown}
 x - a scroll of fog {unknown}
Potions
 d - 2 potions of might
 h - a potion of cancellation {unknown}
 k - 7 potions of curing {unknown}
 m - a potion of ambrosia {unknown}
 s - 4 potions of heal wounds {unknown}
 u - a potion of berserk rage {unknown}
 w - 11 potions of degeneration
 A - 3 potions of lignification {unknown}
 B - a potion of magic {unknown}
Comestibles
 f - 5 rations


   Skills:
 + Level 5.1 Fighting
 + Level 7.8 Axes
 + Level 5.7 Armour
 + Level 3.0 Dodging
 + Level 1.5 Stealth
 + Level 5.5 Shields
 + Level 0.1 Invocations


You had 8 spell levels left.
You didn't know any spells.
Your spell library was empty.

Dungeon Overview and Level Annotations

Branches:
Dungeon (7/15)             Temple (1/1) D:4

Altars:
Ashenzari
Cheibriados
Dithmenos
Elyvilon
Fedhas
Gozag
Hepliaklqana
Kikubaaqudgha
Makhleb
Nemelex Xobeh
Okawaru
Qazlal
Ru
Sif Muna
Trog
Uskayaw
Vehumet
Wu Jian
Xom
Yredelemnul
Zin
The Shining One


Innate Abilities, Weirdness & Mutations

You have large cloven feet.
You are partially covered in sharp spines.


Message History

The orc warrior hits you with a +0 halberd.
* * * LOW HITPOINT WARNING * * *
You feel very mighty all of a sudden.
You feel like a meek peon again.
The orc warrior shouts!
The orc is struck by your spines.
You kill the orc!
Okawaru accepts your kill. The orc warrior barely misses you.
The orc warrior is struck by your spines.
The orc warrior hits you with a +0 trident.
* * * LOW HITPOINT WARNING * * *
You block the orc warrior's attack.
You barely miss the orc warrior. You kick the orc warrior.
The orc warrior is moderately wounded.
You closely miss the orc warrior. You hit the orc warrior.
You kill the orc warrior!
Okawaru accepts your kill.
Your Dodging skill increases to level 3!
The orc warrior hits you with a +0 spear!
You die...

## ############ ...
##........∩.## ....
######......))....#
.....#....#.....)))....#
o.....')o)))....).))...∩#
o.....#o@..#.....)).....#
......######............#
..... ##........∩.##
##### ############


You could see 2 orc warriors.

Vanquished Creatures
  2 hungry ghosts (D:6)
  3 orc warriors (Bailey)
  2 black bears (D:6)
  2 phantoms
  3 ogres (D:5)
  A sky beast (D:5)
  2 centaurs
  A scorpion (D:6)
  A water moccasin skeleton (D:5)
  3 howler monkeys
  A crimson imp (D:5)
  2 hounds
  A quasit (D:5)
  2 bullfrog skeletons
  A centaur skeleton (D:4)
  An orc priest (D:5)
  3 jellies (D:5)
  4 orc wizards (D:5)
  An iguana (D:5)
  Natasha (thrice) (D:2)
  4 worker ants
  2 hound skeletons
  A howler monkey skeleton (D:4)
  Robin (D:2)
  6 gnolls
  5 adders
  2 oozes (D:4)
  An adder zombie (D:7)
  An adder skeleton (D:6)
  3 worms
  6 leopard geckos
  24 orcs
  14 giant cockroaches
  16 goblins
  9 hobgoblins
  7 jackals
  6 kobolds
  2 quokkas
  A ball python (D:3)
  15 bats
  7 frilled lizards
  A leopard gecko zombie (D:5)
  A quokka skeleton (D:6)
  16 rats
190 creatures vanquished.

Vanquished Creatures (others)
  A human (D:5)
1 creature vanquished.

Grand Total: 191 creatures vanquished

Notes
Turn   | Place    | Note
-------+----------+-------------------------------------------
     0 | D:1      | galech the Demonspawn Fighter began the quest for the Orb.
     0 | D:1      | Reached XP level 1. HP: 18/18 MP: 1/1
   145 | D:1      | Reached skill level 2 in Axes
   287 | D:1      | Gained mutation: You are partially covered in sharp spines.
                  | [demonic ancestry]
   287 | D:1      | Reached XP level 2. HP: 24/24 MP: 2/2
   693 | D:2      | Noticed Robin
   696 | D:2      | Reached XP level 3. HP: 24/29 MP: 3/3
   704 | D:2      | Killed Robin
   876 | D:2      | Noticed a phantom
   923 | D:2      | Killed a phantom
   923 | D:2      | Reached skill level 3 in Axes
   923 | D:2      | Reached XP level 4. HP: 19/37 MP: 4/4
   923 | D:2      | Reached XP level 5. HP: 21/42 MP: 5/5
  1003 | D:2      | Noticed Natasha
  1011 | D:2      | Killed Natasha
  1490 | D:2      | Reached skill level 1 in Dodging
  1572 | D:2      | Noticed Natasha
  1590 | D:2      | Killed Natasha
  1833 | D:2      | Noticed a centaur
  1843 | D:2      | Killed a centaur
  1843 | D:2      | Reached skill level 4 in Axes
  1843 | D:2      | Reached XP level 6. HP: 18/48 MP: 6/6
  2751 | D:2      | Noticed Natasha
  2757 | D:2      | Killed Natasha
  3004 | D:3      | Found an ancient bone altar of Kikubaaqudgha.
  3261 | D:3      | Found a shattered altar of Ashenzari.
  3487 | D:4      | Found a glowing silver altar of Zin.
  3487 | D:4      | Found a shimmering altar of Xom.
  3488 | D:4      | Noticed an angel
  3493 | D:4      | Reached XP level 7. HP: 27/54 MP: 7/7
  3827 | D:4      | Found a staircase to the Ecumenical Temple.
  3888 | Temple   | Entered the Ecumenical Temple
  4036 | D:5      | Entered Level 5 of the Dungeon
  4044 | D:5      | Reached skill level 5 in Axes
  4483 | D:3      | Found a sacrificial altar of Ru.
  4556 | D:5      | Reached XP level 8. HP: 37/61 MP: 8/8
  4584 | D:5      | Reached skill level 6 in Axes
  4737 | D:5      | Found an ancient bone altar of Kikubaaqudgha.
  4994 | D:5      | Reached skill level 5 in Armour
  5388 | D:6      | Found an iron altar of Okawaru.
  5393 | D:6      | Became a worshipper of Warmaster Okawaru
  5569 | D:6      | Reached skill level 7 in Axes
  5576 | D:6      | Reached skill level 1 in Stealth
  5612 | D:6      | Reached skill level 5 in Shields
  5724 | D:6      | Found an iron altar of Okawaru.
  5735 | D:6      | Found a stormy altar of Qazlal.
  5742 | D:6      | Found a hide-covered altar of Uskayaw.
  5743 | D:6      | Found an ornate altar of the Wu Jian Council.
  5829 | D:6      | Gained mutation: You have large cloven feet. [demonic
                  | ancestry]
  5829 | D:6      | Reached XP level 9. HP: 67/67 MP: 9/9
  5982 | D:6      | Found a bloodstained altar of Trog.
  5992 | D:6      | Reached * piety under Okawaru
  6099 | D:7      | Reached skill level 5 in Fighting
  6124 | D:7      | Found a flagged portal.
  6153 | Bailey   | Entered a bailey
  6425 | Bailey   | Slain by an orc warrior

Vault maps used:
D:1:      lemuel_arrival_behind_the_door_large
D:2:      minmay_recursive_quarters, serial_forest,
          infiniplex_forest_lined_ring, infiniplex_forest_zigzag_1,
          infiniplex_forest_clump_cross, infiniplex_forest_lined_2,
          infiniplex_forest_corner_1, uniq_robin, uniq_natasha
D:3:      minmay_roachtagon, lemuel_doored_altar, nicolae_overflow_hidden_temple
D:4:      grunt_temple_overflow_order_and_chaos_1, minmay_temple_entry_overgrown
D:5:      first_ration, tgw_kikubaaqudgha
D:6:      minitemple, basic_altar, trog_ov_bears_minmay
D:7:      enter_bailey_7
Temple:   cyrus_circular_temple
Bailey:   bailey_polearm_5, bailey

Skill      XL: |  1  2  3  4  5  6  7  8  9 |
---------------+----------------------------+-----
Axes           | 2 3 4 5 7 |  7.8
Armour         | 3 4 5 |  5.7
Shields        | 3 4 5 |  5.5
Dodging        | 1 2 3 |  3.0
Fighting       | 4 5 |  5.1
Stealth        | 1 |  1.5
Invocations    | |  0.1

Action                   |  1- 3 |  4- 6 |  7- 9 || total
-------------------------+-------+-------+-------++-------
Melee: War axe           |    98 |   126 |   229 ||   453
       Unarmed           |       |     2 |       ||     2
       Kick              |       |       |    16 ||    16
Invok: Heroism           |       |       |     2 ||     2
  Use: Scroll            |       |       |     5 ||     5
       Potion            |       |       |     1 ||     1
  Eat: Chunk             |       |     8 |    16 ||    24
Armor: Scale mail        |    51 |    58 |    88 ||   197
Dodge: Dodged            |    25 |    36 |   119 ||   180
Block: Shield            |    41 |    86 |    19 ||   146
       Buckler           |       |       |    87 ||    87

Table legend:
 A = Non-vault XP
 B = Vault XP
 C = Vault XP percentage of total XP
 D = Non-vault monster count
 E = Vault monster count
 F = Vault count percentage of total count
                 A         B        C        D         E       F
            +---------+---------+-------+---------+---------+-------
      Total |    2872 |     819 |  22.2 |     136 |      54 |  28.4
            +---------+---------+-------+---------+---------+-------
        D:1 |      33 |       0 |   0.0 |      23 |       0 |   0.0
        D:2 |     367 |      78 |  17.5 |      25 |      20 |  44.4
        D:3 |     105 |      18 |  14.6 |      25 |       9 |  26.5
        D:4 |     360 |       0 |   0.0 |      13 |       0 |   0.0
        D:5 |    1254 |       0 |   0.0 |      31 |       0 |   0.0
        D:6 |     747 |     252 |  25.2 |      18 |       2 |  10.0
        D:7 |       6 |      33 |  84.6 |       1 |       4 |  80.0
     Bailey |       0 |     438 | 100.0 |       0 |      19 | 100.0
            +---------+---------+-------+---------+---------+-------
